AoeStats
← [STT]STT2 Arandia

Fortress

510792811Analyzed
1v1 RM · 18h ago on Oct 2, 2026· 67m 41s· 2 players
Game mode
Random Map
Map size
Small (3 player)
Population
200
Speed
Normal
Resources
Standard
Victory
Conquest
Starting age
Dark Age
Ending age
Imperial Age
RankedLock teamsTeams togetherTeam positionsShared explorationLock speedFull tech treeHidden civsTurbo modeCheats
Victory
Defeat
🇨🇴 Vietnamese · Colombia
959
+17
🇧🇷 Celts · Brazil
982
-17
[STT]STT2 Arandia
8:23 Feudal Age
14:24 Castle Age
12:38 Horse Collar
12:46 Double-Bit Axe
12:55 Gold Mining
13:35 Fletching
14:13 Forging
14:43 Padded Archer Armor
16:07 Bow Saw
16:41 Bodkin Arrow
17:34 Ballistics
22:17 Scale Barding Armor
28:20 Iron Casting
28:06 Chain Barding Armor
33:20 Husbandry
33:31 Bloodlines
34:19 Stone Mining
36:37 Heavy Plow
37:16 Wheelbarrow
38:13 Leather Archer Armor
40:55 Imperial Age
38:43 Chatras
42:47 Paper Money
44:23 Chemistry
44:04 Bracer
49:27 Elite Battle Elephant
50:57 Plate Barding Armor
50:54 Ring Archer Armor
51:38 Town Watch
52:12 Hand Cart
53:07 Two-Man Saw
52:45 Stone Shaft Mining
52:49 Crop Rotation
54:19 Elite Rattan Archer
bleal86
6:38 Feudal Age
11:19 Castle Age
9:56 Double-Bit Axe
15:08 Loom
17:46 Horse Collar
22:02 Heavy Plow
22:18 Pikeman
26:41 Imperial Age
28:02 Wheelbarrow
27:12 Town Watch
29:24 Hoardings
31:20 Onager
34:34 Capped Ram
37:22 Halberdier
39:55 Bow Saw
51:18 Siege Ram
62:40 Hand Cart
62:26 Town Patrol
62:35 Arson
Connection lost

Rejoining the realm…

Still unreachable

The connection could not be restored.

Session expired

The server has moved on; the page needs a fresh start.